 Dungeon Crawl Stone Soup version 0.27-a0-1154-gfdeffcb720 (webtiles) character file.

Game seed: 17696188241474025222

15470 Ijustatesigmund the Cleaver (level 12, 0/87 HPs)
             Began as an Octopode Fighter on May 14, 2021.
             Was an Elder of Cheibriados.
             Slain by a death knight
             ... wielding a +4 broad axe
              (31 damage)
             ... on level 11 of the Dungeon.
             The game lasted 00:28:38 (13038 turns).

Ijustatesigmund the Cleaver (Octopode Fighter)     Turns: 13038, Time: 00:28:38

Health: 0/87       AC:  8    Str: 25    XL:     12   Next: 27%
Magic:  12/17      EV: 18    Int: 22    God:    Cheibriados [****..]
Gold:   349        SH: 15    Dex: 22    Spells: 10/11 levels left

rFire    . . .     SeeInvis .   a - +0 war axe
rCold    . . .     Faith    .   b - +2 kite shield {AC+3}
rNeg     + . .     Spirit   .   (helmet restricted)
rPois    .         Reflect  .   f - amulet of regeneration
rElec    .         Harm     .   p - +4 ring of protection
rCorr    .         Rampage  .   q - ring of positive energy
Will     +....                  (no ring)
Stlth    +++.......             (no ring)
HPRegen  1.24/turn              (no ring)
MPRegen  0.15/turn              (no ring)
                                (no ring)
                                (no ring)

@: mighty, very slow
A: almost no armour, amphibious, 8 rings, camouflage 1, gelatinous body 1,
(nimble swimmer 1), tentacles, strong-willed 1, MP-powered wands
a: Renounce Religion, Bend Time, Temporal Distortion, Slouch


You were on level 11 of the Dungeon.
You worshipped Cheibriados.
Cheibriados was greatly pleased with you.
You visited 2 branches of the dungeon, and saw 13 of its levels.

You collected 641 gold pieces.
You spent 292 gold pieces at shops.

Inventory:

Hand Weapons
 a - a +0 war axe (weapon)
 v - a +0 morningstar
Missiles
 c - 2 boomerangs of dispersal
 l - 6 throwing nets
 m - 34 poisoned darts (quivered)
Armour
 b - a +2 kite shield of protection (worn)
Jewellery
 f - an amulet of regeneration (around mantle)
 p - a +4 ring of protection (left tentacle)
 q - a ring of positive energy (right tentacle)
Wands
 e - a wand of acid (1)
 h - a wand of flame (30)
 s - a wand of paralysis (9)
 u - a wand of polymorph (7)
Scrolls
 d - 3 scrolls of teleportation
 j - a scroll of silence
 w - a scroll of fear
Potions
 g - 3 potions of curing
 i - 4 potions of brilliance
 k - a potion of attraction
 n - a potion of mutation
 o - 3 potions of cancellation
 t - a potion of resistance
 x - 3 potions of heal wounds
 z - 2 potions of magic


   Skills:
 + Level 9.9 Fighting
 + Level 10.0 Axes
 - Level 8.4 Dodging
 - Level 8.4 Shields
 - Level 5.0 Transmutations
 + Level 7.1 Invocations
 - Level 4.1 Evocations


You had 10 spell levels left.
You knew the following spells:

 Your Spells              Type           Power      Damage    Failure   Level
a - Beastly Appendage     Tmut           44%        N/A       4%          1

Your spell library contained the following spells:

 Spells                   Type           Power      Damage    Failure   Level
 Wereblood                Tmut           22%        N/A       8%          2
 Corona                   Hex            0%         N/A       36%         1
 Freeze                   Ice            0%         1d3       36%         1
 Spider Form              Tmut/Pois      5%         N/A       38%         3
 Ensorcelled Hibernation  Hex/Ice        0%         N/A       50%         2
 Confusing Touch          Hex            0%         N/A       75%         3
 Dazzling Flash           Conj/Hex       0%         N/A       75%         3
 Frozen Ramparts          Ice            0%         1d2       75%         3
 Ozocubu's Armour         Ice            0%         N/A       75%         3
 Tukima's Dance           Hex            0%         N/A       75%         3
 Ice Form                 Ice/Tmut       11%        N/A       80%         4
 Hydra Form               Tmut           11%        N/A       80%         5
 Cause Fear               Hex            0%         N/A       98%         4
 Hailstorm                Conj/Ice       0%         3d3       98%         4
 Summon Lightning Spire   Summ/Air       0%         N/A       98%         4
 Yara's Violent Unravell  Hex/Tmut       5%         3d4       98%         5
 Metabolic Englaciation   Hex/Ice        0%         N/A       100%        5
 Silence                  Hex/Air        0%         N/A       100%        5
 Conjure Ball Lightning   Conj/Air       0%         3x3d6     100%        6
 Discord                  Hex            0%         N/A       100%        8
 Tornado                  Air            0%         N/A       100%        9


Dungeon Overview and Level Annotations

Branches:
Dungeon (12/15)            Temple (1/1) D:7            Lair (0/6) D:11
    Orc (0/2) D:11

Altars:
Ashenzari
Cheibriados
Dithmenos
Elyvilon
Fedhas
Gozag
Hepliaklqana
Kikubaaqudgha
Makhleb
Nemelex Xobeh
Okawaru
Qazlal
Ru
Sif Muna
Trog
Uskayaw
Vehumet
Wu Jian
Xom
Yredelemnul
Zin
The Shining One

Shops:
D:2 :   D:4 *[[   D:8 :

Annotations:
D:11 3 runed translucent doors, Nimbul's ghost, journeyman FoBr; crabbyslav's ghost, journeyman DsFi


Innate Abilities, Weirdness & Mutations

You cannot wear most types of armour.
You are amphibious.
You can wear up to eight rings at the same time.
Your skin changes colour to match your surroundings (Stealth+).
Your rubbery body absorbs attacks. (AC +1, EV +1)
((You are camouflaged near water. (Stealth+)))
You have tentacles for arms and can constrict up to eight enemies at once.
You are strong-willed. (Will+)
You expend magic power (3 MP) to strengthen your wands.


Message History

Could not explore, unopened runed door.
Could not explore, unopened runed door.
Could not explore, unopened runed door.
(D) Dungeon (T) Temple (L) Lair (O) Orcish Mines
Where to? (Enter - D:11, ? - help)
There is a stone staircase leading down here.
You climb downwards.
There is a stone staircase leading up here.
A death knight comes into view. It is wielding a +4 broad axe.
Throw: 35 darts (poison)
Press: ? - help, Q - select action, (/) - cycle Shift-Dir - straight line, f - death knight
Aim: a death knight, wielding a +4 broad axe and wearing a +0 chain mail (asleep, 98% to hit)
You throw a poisoned dart.
The poisoned dart hits the death knight.
The death knight is poisoned.
The death knight shouts!
The death knight calls down the wrath of Yredelemnul upon you.
Your body is wracked with pain!
There is a stone staircase leading up here.
You climb upwards.
Level annotation: 3 runed translucent doors, Nimbul's ghost, journeyman FoBr; crabbyslav's ghost, journeyman DsFi
There is a stone staircase leading down here.
You start resting.
HP restored.
Okay, then.
You feel very mighty all of a sudden.
You climb downwards.
The death knight calls down the wrath of Yredelemnul upon you.
Your body is wracked with pain!
The death knight offers itself to Yredelemnul, and fills with unholy energy.
There is a stone staircase leading up here.
The death knight hits you with a +4 broad axe!
You climb upwards.
Level annotation: 3 runed translucent doors, Nimbul's ghost, journeyman FoBr; crabbyslav's ghost, journeyman DsFi
There is a stone staircase leading down here.
You can feel time thicken for a moment.
Cheibriados lowers the support of your attributes as your movement quickens.
The death knight reflects your damage back at you!
The death knight hits you with a +4 broad axe!!
You die...

.# #####..###<#..###########
.##########.....##.#.............
.....................#########...
###########.....##...#######.....
##...#................#
#####.#......####.....
########.##..########....
#.......p....# #.......
#.######@##.########+++## #.#
###.##.....#♣....... ###>##
#.......####⌠.......
#....###.##.#....##♣.......
###.#...#..##.####.##?...../.
###.............# ##.###8.....8
#...............# #...>##[♣⌠♣/#
###....##....##...###..### ###
#......##....##....##..# #.#


You could see a death knight (reflects damage).

Vanquished Creatures
  Harold (D:7)
  A hydra (D:11)
  A centaur warrior (D:9)
  2 two-headed ogres
  Pikel (D:6)
  An ugly thing (D:11)
  Maggie (D:8)
  A komodo dragon (D:11)
  Psyche (D:8)
  An unseen horror (D:11)
  2 trolls
  Grinder (D:5)
  A hornet (D:7)
  A shadow (D:11)
  A wyvern (D:9)
  A water elemental (D:11)
  A wraith (D:10)
  13 yaks
  A steam dragon (D:10)
  Edmund (D:6)
  An acid dragon (D:8)
  2 wargs (D:11)
  The ghost of Renjy the Sneak, an amateur KoGl (D:3)
  3 water moccasins (D:7)
  Duvessa (D:5)
  8 orc warriors
  A swamp drake (D:8)
  A sky beast (D:7)
  2 black bears
  An ice beast (D:7)
  5 ogres
  6 centaurs
  A lemure (D:6)
  2 phantoms (D:7)
  A kobold brigand (D:11)
  3 bullfrogs
  Blork the orc (D:5)
  3 gnoll sergeants
  2 scorpions
  2 wyvern zombies
  3 water moccasin zombies
  Dowan (D:5)
  A water moccasin skeleton (D:7)
  3 killer bees (D:11)
  9 wights (D:9)
  2 electric eels
  4 howler monkeys
  7 centaur zombies
  6 orc priests
  A bullfrog skeleton (D:6)
  A centaur skeleton (D:6)
  3 hounds
  A jelly (D:5)
  A gnoll shaman (D:8)
  Jessica (D:3)
  4 iguanas
  5 orc wizards
  A hound zombie (D:5)
  2 howler monkey zombies
  8 adders
  13 gnolls
  A howler monkey skeleton (D:7)
  2 shadow imps
  An ufetubus (D:4)
  An adder skeleton (D:4)
  2 worms
  39 orcs
  7 ball pythons
  5 endoplasms
  6 giant cockroaches
  5 goblins
  6 hobgoblins
  10 jackals
  3 kobolds
  2 quokkas
  4 bats
  2 frilled lizards
  5 rats
259 creatures vanquished.

Vanquished Creatures (collateral kills)
  An orc wizard (D:5)
  3 orcs (D:5)
4 creatures vanquished.

Vanquished Creatures (others)
  A yak (D:8)
  An orc (D:10)
  3 fungi (D:1)
  4 plants
9 creatures vanquished.

Grand Total: 272 creatures vanquished

Notes
Turn   | Place    | Note
-------+----------+-------------------------------------------
     0 | D:1      | Ijustatesigmund the Octopode Fighter began the quest for
                  | the Orb.
     0 | D:1      | Reached XP level 1. HP: 16/16 MP: 1/1
   227 | D:1      | Reached XP level 2. HP: 19/21 MP: 2/2
   544 | D:1      | Found a faded altar of an unknown god.
   938 | D:1      | Reached skill level 3 in Axes
   939 | D:1      | Reached XP level 3. HP: 26/26 MP: 3/3
  2376 | D:2      | Found Duonup's Book Boutique.
  2427 | D:2      | Reached XP level 4. HP: 32/32 MP: 4/4
  2759 | D:3      | Found an iron altar of Okawaru.
  2832 | D:3      | Reached skill level 4 in Axes
  2832 | D:3      | Reached XP level 5. HP: 33/37 MP: 5/5
  2863 | D:3      | Noticed Jessica
  2870 | D:3      | Killed Jessica
  3109 | D:3      | Found a runed translucent door.
  3157 | D:3      | Found a stormy altar of Qazlal.
  3157 | D:3      | Found a sacrificial altar of Ru.
  3248 | D:3      | Noticed Renjy's ghost (amateur KoGl)
  3256 | D:3      | Reached XP level 6. HP: 44/44 MP: 3/6
  3260 | D:3      | Killed Renjy's ghost
  3536 | D:4      | Reached skill level 5 in Fighting
  3536 | D:4      | Reached skill level 5 in Axes
  3536 | D:4      | Reached XP level 7. HP: 34/50 MP: 4/7
  4015 | D:4      | Found a hide-covered altar of Uskayaw.
  4015 | D:4      | Found a shadowy altar of Dithmenos.
  4084 | D:4      | Found Molidgh's Antique Armour Shop.
  4096 | D:4      | Bought a shiny kite shield for 150 gold pieces
  4103 | D:4      | Found a blossoming altar of Fedhas.
  4203 | D:4      | Found a shimmering altar of Xom.
  4345 | D:4      | Found Hial's Assorted Antiques.
  4378 | D:4      | Identified the +0 pair of gloves of Comnirra {Will+}
  4422 | D:4      | Found Dedu's Antique Armour Shoppe.
  4586 | D:5      | Entered Level 5 of the Dungeon
  4811 | D:5      | Reached XP level 8. HP: 41/57 MP: 6/8
  5128 | D:5      | Noticed Duvessa
  5129 | D:5      | Noticed Dowan
  5129 | D:5      | Noticed Blork the orc
  5164 | D:5      | Reached skill level 6 in Axes
  5330 | D:5      | Killed Dowan
  5335 | D:5      | Killed Duvessa
  5942 | D:5      | Noticed Grinder
  5947 | D:5      | Killed Grinder
  5948 | D:5      | Reached skill level 5 in Dodging
  5948 | D:5      | Reached skill level 5 in Shields
  6178 | D:5      | Killed Blork the orc
  6616 | D:6      | Noticed Pikel
  6629 | D:6      | Killed Pikel
  6630 | D:6      | Reached skill level 7 in Axes
  6630 | D:6      | Reached XP level 9. HP: 23/64 MP: 9/9
  7034 | D:6      | Noticed Edmund
  7048 | D:6      | Killed Edmund
  7068 | D:6      | Gained mutation: You expend magic power (3 MP) to
                  | strengthen your wands. [potion of mutation]
  7068 | D:6      | Gained mutation: You are strong-willed. (Will+) [potion of
                  | mutation]
  7662 | D:7      | Noticed a hornet
  7668 | D:7      | Paralysed by a hornet for 3 turns
  7673 | D:7      | Killed a hornet
  7846 | D:4      | Bought 2 viscous white potions for 37 gold pieces
  7846 | D:4      | Bought a blackened bone ring for 105 gold pieces
  7994 | D:7      | Noticed Harold
  8006 | D:7      | Killed Harold
  8007 | D:7      | Reached skill level 8 in Axes
  8007 | D:7      | Reached XP level 10. HP: 13/72 MP: 10/10
  8182 | D:7      | Found a staircase to the Ecumenical Temple.
  8193 | Temple   | Entered the Ecumenical Temple
  8400 | Temple   | Became a worshipper of Cheibriados the Contemplative
  8837 | D:7      | Reached skill level 1 in Invocations
  8883 | D:7      | Found a bloodstained altar of Trog.
  8883 | D:7      | Found an ancient bone altar of Kikubaaqudgha.
  8891 | D:7      | Found a faded altar of an unknown god.
  8909 | D:7      | Found a sparkling altar of Nemelex Xobeh.
  8911 | D:7      | Found a glowing golden altar of the Shining One.
  9154 | D:8      | Noticed Maggie
  9169 | D:8      | Killed Maggie
  9327 | D:8      | Noticed Psyche
  9336 | D:8      | Killed Psyche
  9336 | D:8      | Reached * piety under Cheibriados
  9350 | D:8      | Reached skill level 9 in Axes
  9457 | D:8      | Found Tunluss's Book Shop.
  9553 | D:8      | Learned a level 1 spell: Beastly Appendage
  9696 | D:9      | You fall into a shaft and drop 2 floors!
  9698 | D:11     | Noticed an eight-headed hydra
  9714 | D:10     | Entered Level 10 of the Dungeon
  9752 | D:9      | Reached XP level 11. HP: 66/80 MP: 13/13
  9797 | D:9      | Reached skill level 1 in Transmutations
  9825 | D:9      | Noticed a centaur warrior
  9839 | D:9      | Killed a centaur warrior
 10050 | D:9      | Reached ** piety under Cheibriados
 10446 | D:9      | Noticed a two-headed ogre
 10454 | D:9      | Killed a two-headed ogre
 11007 | D:10     | Noticed a two-headed ogre
 11314 | D:10     | Reached skill level 5 in Invocations
 11314 | D:10     | Reached skill level 1 in Evocations
 11370 | D:10     | Identified the +1 ring mail of Ashenzari's Esteem {Rampage
                  | Drain rCorr}
 11463 | D:10     | Killed a two-headed ogre
 11531 | D:11     | Killed an eight-headed hydra
 11531 | D:11     | Reached *** piety under Cheibriados
 12202 | D:11     | Reached XP level 12. HP: 86/86 MP: 16/16
 12240 | D:11     | Found a staircase to the Lair.
 12264 | D:11     | Reached skill level 5 in Transmutations
 12384 | D:11     | Found a staircase to the Orcish Mines.
 12403 | D:11     | Reached **** piety under Cheibriados
 12695 | D:11     | Found a runed translucent gate.
 12696 | D:11     | Found a runed translucent gate.
 12697 | D:11     | Found a runed translucent gate.
 12707 | D:11     | Noticed crabbyslav's ghost (journeyman DsFi)
 12707 | D:11     | Noticed Nimbul's ghost (journeyman FoBr)
 12945 | D:11     | Reached skill level 10 in Axes
 13001 | D:12     | Noticed a death knight
 13038 | D:11     | Slain by a death knight

Illustrated notes

Levels and vault maps discovered:
D:1:      nzn_arrival_water_spiral, layout_basic,
          shapermc_ecumenical_altar_mp_ritualfount
D:2:      layout_rooms, serial_shops, shop, minmay_misc_feat_encased
D:3:      layout_basic, lemuel_doored_altar, gammafunk_temple_overflow_wave,
          ebering_ghost_sewer_d, feat_on_display, uniq_jessica
D:4:      layout_loops_ring, kennysheep_mini, nicolae_overflow_hidden_temple,
          serial_shops, shop, shop, nicolae_shop_stone,
          chequers_serial_rivers_micro_b
D:5:      layout_loops_corners, uniq_duvessa, uniq_blork_the_orc, uniq_grinder
D:6:      layout_gridville, uniq_pikel, uniq_edmund
D:7:      layout_basic, chequers_temple_overflow_minitemple,
          minmay_temple_entry_arrows, uniq_harold
D:8:      layout_cave_pools, serial_shops, shop, uniq_psyche, uniq_maggie
D:9:      layout_roguey, roderic_roman_lattice, hangedman_decor_slide_cut,
          hive_lemuel
D:10:     layout_basic, serial_glass, glass_columns_a, glass_columns_a,
          glass_columns_a, glass_columns_c, glass_columns_b
D:11:     layout_loops_ring, erik_lair_orcish_takeover,
          kennysheep_orc_monster_closet_entryway, gammafunk_ghost_cemetery,
          portal_ice_cave_entry_pillars_2, nicolae_two_hexagons,
          kennysheep_diamond
D:12:     layout_basic, serial_shops, shop, uniq_nergalle, uniq_erolcha
Temple:   grunt_temple_mini_profane

Skill      XL: |  1  2  3  4  5  6  7  8  9 10 11 12 |
---------------+-------------------------------------+-----
Axes           | 3 4 5 7 8 9 10 | 10.0
Fighting       | 4 5 7 8 9 |  9.9
Dodging        | 4 5 6 7 8 |  8.4
Shields        | 4 5 6 7 8 |  8.4
Invocations    | 3 6 7 |  7.1
Transmutations | 4 5 |  5.0
Evocations     | 3 4 |  4.1

Action                   |  1- 3 |  4- 6 |  7- 9 | 10-12 || total
-------------------------+-------+-------+-------+-------++-------
Melee: War axe           |    80 |    38 |   225 |   386 ||   729
       Constrict         |    17 |     7 |    40 |    51 ||   115
       Tentacles         |    15 |     6 |    60 |   115 ||   196
       Kick              |       |       |       |     4 ||     4
Throw: Dart              |       |       |     3 |     6 ||     9
 Cast: Beastly Appendage |       |       |       |     1 ||     1
Invok: Slouch            |       |       |       |     1 ||     1
Evoke: Wand              |       |       |       |    22 ||    22
  Use: Scroll            |     8 |     1 |     9 |     8 ||    26
       Potion            |       |     2 |     7 |     3 ||    12
 Stab: Sleeping          |     2 |     5 |     8 |     2 ||    17
       Distracted        |       |       |     1 |       ||     1
       Paralysed         |       |       |       |     3 ||     3
Armor: Skin              |     9 |     2 |    28 |    85 ||   124
Dodge: Dodged            |    35 |    13 |   104 |   227 ||   379
Block: Kite shield       |    45 |    12 |   139 |   281 ||   477

Table legend: (Time is in decaauts)
 A = Elapsed time spent in this place.
 B = Non-inter-level travel time spent in this place.
 C = Inter-level travel time spent in this place.
 D = Time resting spent in this place.
 E = Time spent auto-exploring this place.
 F = Levels seen in this place.
 G = Mean time per level.
                   A        B        C        D        E       F      G
               +--------+--------+--------+--------+--------+-----+--------+
         Total |  14710 |  13848 |    862 |   2768 |   8688 |  13 | 1131.5 |
       Dungeon |  14473 |  13666 |    807 |   2768 |   8508 |  12 | 1206.1 |
        Temple |    237 |    182 |     55 |      0 |    180 |   1 |  237.0 |
               +--------+--------+--------+--------+--------+-----+--------+

Top non-repeatable levels by time:
    D:11: 2055 daAuts
     D:5: 1927 daAuts
     D:9: 1589 daAuts
     D:1: 1586 daAuts
     D:4: 1330 daAuts
     D:7: 1301 daAuts
     D:6: 1075 daAuts
     D:2: 1013 daAuts
     D:3: 999 daAuts
    D:10: 792 daAuts
     D:8: 790 daAuts
  Temple: 237 daAuts
    D:12: 12 daAuts
